 Dungeon Crawl Stone Soup version 0.22.0 (webtiles) character file.

5879 lukekx100 the Reanimator (level 10, 0/76 HPs)
             Began as a Deep Dwarf Necromancer on Aug 10, 2018.
             Slain by a catoblepas skeleton (17 damage)
             ... on level 3 of the Abyss.
             The game lasted 01:04:43 (10317 turns).

lukekx100 the Reanimator (Deep Dwarf Necromancer)  Turns: 10317, Time: 01:04:44

Health: 0/76       AC: 15    Str: 13 (14) XL:     10   Next: 52%
Magic:  0/0        EV: 11    Int: 18 (19) God:
Gold:   576        SH:  0    Dex: 12 (14) Spells: 7/19 levels left

rFire    + . .     SeeInvis .   R - +5 scimitar (freeze)
rCold    . . .     Gourm    .   (no shield)
rNeg     . . .     Faith    .   M - +1 scale mail
rPois    .         Spirit   .   (helmet restricted)
rElec    .         Reflect  .   U - +0 cloak
rCorr    .         Harm     .   s - +2 pair of gloves
MR       +....                  (no boots)
Stlth    +.........             (no amulet)
HPRegen  0.00/turn              q - +3 ring of strength
MPRegen  0.07/turn              N - +3 ring of protection

@: flying, very slightly contaminated, non-regenerating, hasted, drained, very
quick
A: damage resistance, heal wounds, horns 1, fire resistance 1, sense
surroundings 2, no regeneration
a: Heal Wounds


You were on level 3 of the Abyss.
You were not hungry.

You visited 1 branch of the dungeon, and saw 9 of its levels.
You visited the Abyss 1 time.

You collected 576 gold pieces.

Inventory:

Hand Weapons
 d - a +0 hunting sling
 f - a +0 club
 g - a +0 dagger
 o - a +0 short sword
 w - a +0 hand axe
 x - a +0 falchion
 z - a +3 falchion of freezing
 G - a +2 quarterstaff of speed
 K - a +0 short sword of holy wrath
 R - a +5 scimitar of freezing (weapon)
Armour
 a - a +0 robe
 c - a +0 scale mail
 m - a +0 leather armour
 s - a +2 pair of gloves (worn)
 t - a +2 helmet
 v - a +0 chain mail
 y - a +0 ring mail
 A - a +0 helmet
 M - a +1 scale mail (worn)
 U - a +0 cloak (worn)
Jewellery
 q - a +3 ring of strength (left hand)
 N - a +3 ring of protection (right hand)
 S - a -2 ring of strength
 T - an uncursed ring of flight
Wands
 D - a wand of disintegration (12)
 I - a wand of scattershot (6)
 Q - a wand of iceblast (8)
Scrolls
 e - 2 scrolls of teleportation
 h - a scroll of random uselessness
 k - 6 scrolls of remove curse
 r - 3 scrolls of fear
 B - a scroll of amnesia
 F - 2 scrolls of magic mapping
 H - a scroll of fog
 J - a scroll of immolation
 O - a scroll of noise
 P - a scroll of identify
 V - a scroll of enchant armour
 W - 3 scrolls of enchant weapon
Potions
 b - a potion of agility
 j - a potion of flight
 p - a potion of degeneration
 E - a potion of magic
Comestibles
 l - 15 rations


   Skills:
 - Level 0.6(0.1) Fighting
 - Level 0.3(3.2) Short Blades
 * Level 6.8(6.1) Long Blades
 + Level 5.0(4.4) Armour
 + Level 5.1(4.5) Dodging
 + Level 5.3(4.7) Stealth
 + Level 5.4(4.8) Spellcasting
 + Level 3.0(2.4) Conjurations
 + Level 4.4(3.8) Summonings
 * Level 10.2(9.5) Necromancy


You had 7 spell levels left.
You knew the following spells:

 Your Spells              Type           Power        Failure   Level  Hunger
a - Pain                  Necr           ####         1%          1    None
b - Animate Skeleton      Necr           N/A          1%          1    None
c - Vampiric Draining     Necr           #####.....   3%          3    ###....
d - Call Imp              Summ           ###.....     19%         2    #......
e - Animate Dead          Necr           N/A          12%         4    ####...
f - Magic Dart            Conj           ##..         21%         1    None

Your spell library contained the following spells:

 Spells                   Type           Power        Failure   Level  Hunger
 Conjure Flame            Conj/Fire      #.......     71%         3    ###....
 Lightning Bolt           Conj/Air       #.........   100%        5    ######.
 Slow                     Hex            #.......     65%         2    #......
 Mephitic Cloud           Conj/Pois/Air  #.......     77%         3    ###....
 Venom Bolt               Conj/Pois      #.........   100%        5    ######.
 Olgreb's Toxic Radiance  Pois           #.......     99%         4    ####...
 Blink                    Tloc           N/A          65%         2    #......
 Regeneration             Chrm/Necr      ###.......   24%         3    ###....
 Sting                    Conj/Pois      #...         34%         1    None
 Shock                    Conj/Air       #...         34%         1    None
 Swiftness                Chrm/Air       #.......     65%         2    #......
 Airstrike                Air            #.........   99%         4    ####...
 Static Discharge         Conj/Air       #.......     71%         3    ###....
 Poisonous Vapours        Pois/Air       #.....       65%         2    #......


Dungeon Overview and Level Annotations

Branches:
Dungeon (9/15)             Temple (0/1) D:6
   Lair: D:8-11         Orc: D:9-12

Altars:
Elyvilon
Gozag
Qazlal
Ru
Wu Jian
The Shining One

Shops:
D:6 *


Innate Abilities, Weirdness & Mutations

You are resistant to damage.
You can heal yourself by infusing magical energy.
You passively map the area around you.
You do not regenerate.
You have a pair of small horns on your head.
Your flesh is heat resistant. (rF+)


Message History

The apocalypse crab claws you but does no damage.
The catoblepas skeleton closely misses you.
You feel better. The apocalypse crab misses you.
You riposte.
You hit the apocalypse crab.
The apocalypse crab is heavily wounded.
The apocalypse crab claws you! Strange energies run through your body.
Your magic is already full.
You feel as though your hastened speed will last longer.
You can't survive in this terrain!
You fly above the lava, but the process is draining.
You feel drained. The catoblepas skeleton gores you!
* * * LOW HITPOINT WARNING * * *
You feel drained.
The catoblepas skeleton barely misses you.
You riposte.
You hit the catoblepas skeleton but do no damage.
The catoblepas skeleton is lightly damaged.
The catoblepas skeleton gores you.
* * * LOW HITPOINT WARNING * * *
You feel drained. The catoblepas skeleton gores you!!
You die...

#Y#
###≈##
.Z≈.
###≈###
#..≈).#
#.#≈#.#
#.Z≈..#
###≈###
#.Z@Z.#
###≈###
#≈#
#.!XtZ!.#
#. .
....#...#
..
#.##..#
.## #..
#### #
#.# #.


You could see an apocalypse crab, a large abomination and 5 catoblepas
skeletons.

Vanquished Creatures
  A two-headed ogre (D:9)
  Joseph (D:7)
  Psyche (D:8)
  A gargoyle (Abyss:3)
  A catoblepas skeleton (Abyss:3)
  A hornet (D:8)
  A hippogriff (D:8)
  A spriggan (D:7)
  A water moccasin (D:6)
  4 sky beasts
  2 ice beasts (D:8)
  5 ogres
  An eye of draining (D:8)
  7 centaurs
  A big kobold (D:6)
  A wyvern zombie (D:8)
  An earth elemental (Abyss:3)
  2 scorpions
  4 wights (D:8)
  4 crimson imps
  A howler monkey (D:6)
  2 centaur skeletons (D:9)
  8 orc wizards
  7 hounds
  A jelly (D:7)
  3 orc priests
  A gnoll shaman (D:5)
  4 iguanas
  5 worker ants
  Robin (D:3)
  A howler monkey skeleton (D:4)
  4 gnolls (D:5)
  12 adders
  An ooze (D:3)
  2 worms
  A dart slug (D:2)
  5 leopard geckos
  30 orcs
  7 giant cockroaches
  14 hobgoblins
  12 kobolds
  5 quokkas
  2 ball pythons
  2 bats
  A frilled lizard (D:1)
  2 giant cockroach zombies (D:5)
  15 goblins
  A leopard gecko zombie (D:6)
  7 rats
198 creatures vanquished.

Vanquished Creatures (others)
  An orc wizard (D:7)
1 creature vanquished.

Grand Total: 199 creatures vanquished

Notes
Turn   | Place    | Note
-------+----------+-------------------------------------------
     0 | D:1      | lukekx100 the Deep Dwarf Necromancer began the quest for the Orb.
     0 | D:1      | Reached XP level 1. HP: 15/15 MP: 3/3
     2 | D:1      | Learned a level 1 spell: Animate Skeleton
   354 | D:1      | Reached XP level 2. HP: 24/24 MP: 2/4
  1521 | D:2      | Reached skill level 5 in Necromancy
  1621 | D:2      | Reached XP level 3. HP: 30/30 MP: 1/6
  2116 | D:3      | Reached XP level 4. HP: 18/37 MP: 4/7
  2192 | D:3      | Learned a level 3 spell: Vampiric Draining
  2330 | D:3      | Learned a level 2 spell: Call Imp
  2375 | D:3      | Found an opulent altar of Gozag.
  2375 | D:3      | Noticed Robin
  2414 | D:3      | Killed Robin
  2414 | D:3      | Reached XP level 5. HP: 38/43 MP: 0/9
  3256 | D:3      | Reached skill level 6 in Necromancy
  3284 | D:3      | Reached skill level 1 in Armour
  3754 | D:4      | Noticed an ogre
  3772 | D:4      | Killed an ogre
  3772 | D:4      | Reached skill level 1 in Long Blades
  3772 | D:4      | Reached XP level 6. HP: 50/50 MP: 5/9
  3806 | D:4      | Reached skill level 1 in Summonings
  4257 | D:4      | Reached XP level 7. HP: 50/56 MP: 5/11
  4266 | D:4      | Reached skill level 7 in Necromancy
  4348 | D:4      | Learned a level 4 spell: Animate Dead
  4733 | D:5      | Entered Level 5 of the Dungeon
  4756 | D:5      | Found a white marble altar of Elyvilon.
  4984 | D:5      | Reached XP level 8. HP: 63/63 MP: 3/9
  5121 | D:5      | Reached skill level 8 in Necromancy
  5931 | D:6      | Found an ornate altar of the Wu Jian Council.
  5994 | D:6      | Found a staircase to the Ecumenical Temple.
  6142 | D:6      | Found Labu's Serpentskin Sales.
  6809 | D:6      | Learned a level 1 spell: Magic Dart
  7329 | D:7      | Noticed Joseph
  7365 | D:7      | Killed Joseph
  7365 | D:7      | Reached skill level 5 in Long Blades
  7365 | D:7      | Reached skill level 1 in Conjurations
  7365 | D:7      | Reached skill level 9 in Necromancy
  7365 | D:7      | Gained mutation: You passively map the area around you. [Deep Dwarf growth]
  7365 | D:7      | Reached XP level 9. HP: 52/69 MP: 1/9
  7525 | D:7      | Found a glowing golden altar of the Shining One.
  8611 | D:8      | Reached skill level 5 in Spellcasting
  8819 | D:8      | Paralysed by a hornet for 3 turns
  8824 | D:8      | Paralysed by a hornet for 3 turns
  8884 | D:8      | Noticed Psyche
  8895 | D:8      | Killed Psyche
  8895 | D:8      | Reached XP level 10. HP: 69/76 MP: 0/5
  9236 | D:8      | Found a sacrificial altar of Ru.
  9752 | D:9      | Noticed a two-headed ogre
  9775 | D:9      | Killed a two-headed ogre
  9775 | D:9      | Reached skill level 5 in Stealth
  9775 | D:9      | Reached skill level 10 in Necromancy
  9836 | D:9      | Found a stormy altar of Qazlal.
 10150 | D:9      | Noticed a wizard
 10168 | D:9      | Cast into level 3 of the Abyss (a wizard)
 10169 | Abyss:3  | Noticed a catoblepas
 10173 | Abyss:3  | Noticed a gargoyle
 10219 | Abyss:3  | Reached skill level 5 in Dodging
 10235 | Abyss:3  | Gained mutation: You have a pair of small horns on your head. [potion of mutation]
 10235 | Abyss:3  | Gained mutation: Your flesh is heat resistant. (rF+) [potion of mutation]
 10247 | Abyss:3  | Killed a gargoyle
 10247 | Abyss:3  | Reached skill level 5 in Armour
 10283 | Abyss:3  | Noticed an apocalypse crab
 10317 | Abyss:3  | Slain by a catoblepas skeleton

Skill      XL: |  1  2  3  4  5  6  7  8  9 10 |
---------------+-------------------------------+-----
Spellcasting   | 2 3 4 5 |  5.4
Necromancy     | 5 6 7 9 10 | 10.2
Armour         | 1 2 3 4 5 |  5.0
Long Blades    | 1 2 3 5 6 |  6.8
Summonings     | 1 2 3 4 |  4.4
Dodging        | 3 4 5 |  5.1
Stealth        | 3 4 5 |  5.3
Conjurations   | 1 2 3 |  3.0
Fighting       | |  0.6
Short Blades   | |  0.3

Action                   |  1- 3 |  4- 6 |  7- 9 | 10-12 || total
-------------------------+-------+-------+-------+-------++-------
Melee: Unarmed           |     1 |       |       |       ||     1
       Short sword       |    53 |    20 |       |       ||    73
       Dagger            |     2 |       |       |       ||     2
       Falchion          |       |    51 |   264 |    57 ||   372
       Scimitar          |       |       |       |    71 ||    71
       Headbutt          |       |       |       |     4 ||     4
 Cast: Pain              |    57 |    94 |   170 |    20 ||   341
       Animate Skeleton  |       |     4 |       |       ||     4
       Vampiric Draining |       |       |     7 |       ||     7
 Abil: Heal Wounds       |     1 |     9 |    26 |    26 ||    62
  Use: Scroll            |       |     6 |     9 |     6 ||    21
       Potion            |       |       |       |    15 ||    15
 Stab: Invisible         |       |       |       |     2 ||     2
       Sleeping          |       |       |       |     1 ||     1
  Eat: Ration            |     1 |     2 |     3 |     1 ||     7
       Chunk             |       |     2 |     5 |     4 ||    11
Armor: Chain mail        |     6 |    16 |   118 |       ||   140
       Leather armour    |     6 |     2 |       |       ||     8
       Ring mail         |       |    15 |       |       ||    15
       Scale mail        |       |    30 |    96 |    86 ||   212
Dodge: Dodged            |    43 |    67 |   156 |    98 ||   364
       Rpst.: Falchion   |       |    16 |    44 |    11 ||    71
       Scimitar          |       |       |       |    23 ||    23
